 Dungeon Crawl Stone Soup version 0.29.1-15-g9cfb28693d (webtiles) character file.

Game seed: 10927525854057336108

4537 Descartes the Blocker (level 10, -15/72 (74) HPs)
             Began as a Formicid Fighter on Mar 12, 2023.
             Was an Initiate of Gozag.
             Demolished by a two-headed ogre
             ... wielding a +0 giant spiked club
              (28 damage)
             ... on level 7 of the Dungeon.
             The game lasted 00:13:00 (10284 turns).

Descartes the Blocker (Formicid Fighter)           Turns: 10284, Time: 00:13:00

HP:   -15/72 (74)   AC: 14    Str: 26    XL:     10   Next: 66%
MP:   10/10         EV: 11    Int:  7    God:    Gozag
Gold: 235           SH:  6    Dex: 13    Spells: 9/9 levels left

rFire   . . .      SeeInvis +   L - +3 halberd
rCold   . . .      Faith    .   c - +0 buckler
rNeg    . . .      Spirit   .   l - +0 plate armour
rPois   .          Reflect  .   (helmet unavailable)
rElec   .          Harm     .   (no cloak)
rCorr   .          Rampage  .   A - +0 pair of gloves
Will    ++...                   (no boots)
Stlth   ..........              (no amulet)
HPRegen 0.22/turn               s - ring of willpower
MPRegen 0.12/turn               E - +4 ring of evasion

@: mighty, lightly drained
A: permanent stasis, dig shafts and tunnels, antennae 3, four strong arms
a: Dig, Shaft Self, Renounce Religion, Potion Petition, Call Merchant, Bribe
Branch


You were on level 7 of the Dungeon.
You worshipped Gozag.
Gozag was aware of your devotion.
You visited 1 branch of the dungeon, and saw 8 of its levels.
You also visited: Ossuary.

You collected 1435 gold pieces.
You paid 1200 gold pieces to Gozag.

Inventory:

Hand Weapons
 h - a +4 spear
 L - a +3 halberd (weapon)
Missiles
 k - a throwing net
 m - 10 poisoned darts
 p - 44 stones
 B - 3 silver javelins
 G - 6 javelins
 M - a boomerang
Armour
 c - a +0 buckler (worn)
 l - a +0 plate armour (worn)
 A - a +0 pair of gloves (worn)
Jewellery
 s - a ring of willpower (left hand)
 E - a +4 ring of evasion (right hand)
Wands
 u - a wand of iceblast (8)
 D - a wand of paralysis (22)
Scrolls
 g - 2 scrolls of teleportation
 n - 3 scrolls of amnesia
 o - 3 scrolls of enchant armour
 q - 2 scrolls of magic mapping
 r - a scroll of acquirement {unknown}
 v - a scroll of blinking
 x - a scroll of enchant weapon {unknown}
 y - a scroll of vulnerability
 z - 2 scrolls of fear
 C - a scroll of torment {unknown}
 N - a scroll of summoning {unknown}
Potions
 b - 2 potions of haste {unknown}
 d - 2 potions of might
 e - 2 potions of degeneration {unknown}
 f - 2 potions of heal wounds {unknown}
 i - 2 potions of curing {unknown}
 j - 2 potions of attraction {unknown}
 t - a potion of cancellation {unknown}
 w - 3 potions of flight {unknown}
 F - a potion of ambrosia {unknown}
 H - 3 potions of brilliance {unknown}
 I - 2 potions of magic {unknown}
 K - a potion of berserk rage {unknown}


   Skills:
 - Level 5.0 Fighting
 + Level 6.8(9.0) Axes
 + Level 6.3(7.7) Maces & Flails
 + Level 6.2(7.7) Polearms
 + Level 7.8 Armour
 + Level 9.5 Shields


You had 9 spell levels left.
You didn't know any spells.
Your spell library contained the following spells:

 Spells                   Type           Power      Damage    Failure   Level
 Frozen Ramparts          Ice            0%         1d1       100%        3
 Animate Armour           Summ/Erth      0%         N/A       100%        4
 Ice Form                 Ice/Tmut       0%         N/A       100%        4
 Passage of Golubria      Tloc           0%         N/A       100%        4
 Summon Ice Beast         Ice/Summ       0%         N/A       100%        4
 Blade Hands              Tmut           0%         N/A       100%        5
 Fireball                 Conj/Fire      0%         3d3       100%        5
 Manifold Assault         Tloc           0%         N/A       100%        5
 Silence                  Hex/Air        0%         N/A       100%        5
 Iron Shot                Conj/Erth      0%         9d1       100%        6
 Starburst                Conj/Fire      0%         6d3       100%        6
 Storm Form               Tmut/Air       0%         N/A       100%        7
 Ignition                 Fire           0%         3d3       100%        8
 Lehudib's Crystal Spear  Conj/Erth      0%         10d2      100%        8
 Blink                    Tloc           Unusable   N/A       N/A         2

Dungeon Overview and Level Annotations

Branches:
Dungeon (8/15)             Temple (0/1) D:5         Ossuary (visited)
   Lair: D:8-11

Altars:
Ashenzari
Elyvilon
Gozag
Nemelex Xobeh
Sif Muna

Shops:
D:5 (   D:6 :

Annotations:
D:4 2 transporters, aeroqp's ghost, amateur NaTm
D:7 2 transporters, exclusion: oklob plant, burchardtist's ghost, amateur TrFi


Innate Abilities, Weirdness & Mutations

You cannot be hasted, slowed, berserked, paralysed or teleported.
You can dig through walls and to a lower floor.
You have a pair of large antennae on your head. (SInv)
Your four strong arms can wield two-handed weapons with a shield.


Message History

The two-headed ogre hits you but does no damage.
The two-headed ogre barely misses you.
There is a stone staircase leading up here.
You block the wight's attack.
You block the two-headed ogre's attack. x2
You climb upwards.
Level annotation: 2 transporters, exclusion: oklob plant, burchardtist's ghost, amateur TrFi
There is a stone staircase leading down here.
Items here: ))) [[.
The wight attacks as you move away! The wight misses you.
You slash the two-headed ogre!
The two-headed ogre is moderately wounded.
The two-headed ogre hits you with a +0 giant spiked club!!
The two-headed ogre hits you with a +0 giant club!!
* * * LOW HITPOINT WARNING * * *
The two-headed ogre attacks as you move away!
You block the two-headed ogre's attack.
The two-headed ogre hits you with a +0 giant club!
* * * LOW HITPOINT WARNING * * *
You see here a +0 robe. [a] - 560 gold - heal wounds, curing, magic, invisibility and might [b] - 273 gold - heal wounds and magic [c] - 100 gold - brilliance Purchase which effect?
You don't have enough gold for that! [a] - 560 gold - heal wounds, curing, magic, invisibility and might [b] - 273 gold - heal wounds and magic [c] - 100 gold - brilliance Purchase which effect?
You no longer have enough gold to petition Gozag for potion effects.
You feel much better. Magic courses through your body.
You hit the two-headed ogre but do no damage.
The two-headed ogre hits you with a +0 giant spiked club!
The two-headed ogre hits you with a +0 giant club!
* * * LOW HITPOINT WARNING * * *
Unknown command.
Okay, then.
You feel very mighty all of a sudden.
The two-headed ogre hits you with a +0 giant spiked club!!
You die...
Your body crumbles into a pile of gold.

..............#.###......# #.#
#####.....^..##.# #......# #.#
.............'..# #......# #.#
#####.#......##.# #......# #.#
..#...#####...### #......# #.#
..#.### #...# ######.# #.#
....# #...# #.# #.#
...########...##########.###.#
..............zO@........#...#
.[[################...####.###
[#.# #...# #.# .#.# #...# #.#
.#z# ###### ##### #.# .#.#
#....# #.# [#.# #....# #.#
>#.# #....# #######.## )#.#
#..).# #........#


You could see a two-headed ogre and a wight.

Vanquished Creatures
  Pikel (D:7)
  2 wyverns
  2 steam dragons (D:7)
  Menkaure (D:5)
  A water moccasin (D:8)
  2 orc warriors
  3 black bears
  An ice beast (D:6)
  A sky beast (D:6)
  2 ogres
  A centaur (D:7)
  A phantom (D:5)
  2 elf zombies (Ossuary)
  2 necrophages (D:7)
  A kobold brigand (D:8)
  Blork the orc (D:4)
  A bullfrog (D:8)
  2 scorpions
  8 wights
  13 killer bees (D:7)
  2 howler monkeys (D:8)
  7 hounds
  A human zombie (Ossuary)
  2 orc priests
  A centaur zombie (Ossuary)
  3 iguanas
  2 orc wizards (D:7)
  3 mummies
  5 adders
  2 shadow imps
  A white imp (D:6)
  3 ufetubi
  2 adder zombies (Ossuary)
  4 worms
  6 dart slugs
  13 orcs
  3 endoplasms
  2 giant cockroaches
  5 goblins
  5 hobgoblins
  9 kobolds
  2 quokkas (D:4)
  6 ball pythons
  15 bats
  4 frilled lizards
  2 goblin zombies
  8 hobgoblin zombies (Ossuary)
  3 jackal zombies (Ossuary)
  14 kobold zombies
  5 orc zombies (Ossuary)
  9 rats
  A rat zombie (Ossuary)
198 creatures vanquished.

Vanquished Creatures (others)
  8 plants (D:8)
8 creatures vanquished.

Grand Total: 206 creatures vanquished

Notes
Turn   | Place    | Note
-------+----------+-------------------------------------------
     0 | D:1      | Descartes the Formicid Fighter began the quest for the Orb.
     0 | D:1      | Reached XP level 1. HP: 18/18 MP: 1/1
    53 | D:1      | You fall into a shaft and drop 1 floor!
   176 | D:1      | Reached XP level 2. HP: 24/24 MP: 2/2
   343 | D:1      | Found a faded altar of an unknown god.
   484 | D:1      | Reached XP level 3. HP: 29/29 MP: 3/3
  1331 | D:2      | Reached XP level 4. HP: 37/37 MP: 4/4
  1895 | D:3      | Found a white marble altar of Elyvilon.
  1951 | D:3      | Reached skill level 1 in Maces & Flails
  2191 | D:3      | Found an opulent altar of Gozag.
  2191 | D:3      | Found a faded altar of an unknown god.
  2209 | D:3      | Found a sparkling altar of Nemelex Xobeh.
  2211 | D:3      | Became a worshipper of Gozag Ym Sagoz the Greedy
  2217 | D:3      | Found a broken altar of Ashenzari.
  2220 | D:3      | Found a shimmering blue altar of Sif Muna.
  2395 | D:4      | Reached skill level 1 in Polearms
  2418 | D:4      | Noticed Blork the orc
  2429 | D:4      | Killed Blork the orc
  2430 | D:4      | Reached XP level 5. HP: 27/42 MP: 5/5
  2596 | D:4      | Found a transporter.
  2678 | D:4      | Reached skill level 5 in Shields
  2681 | D:4      | Reached XP level 6. HP: 48/48 MP: 6/6
  2748 | D:4      | Noticed a black bear
  2764 | D:4      | Killed a black bear
  3023 | D:4      | Found a transporter.
  3026 | D:4      | Noticed aeroqp's ghost (amateur NaTm)
  3286 | D:5      | Entered Level 5 of the Dungeon
  3305 | D:5      | Found Ymooxui's Antique Weapon Shoppe.
  3548 | D:5      | Reached XP level 7. HP: 49/55 MP: 7/7
  3682 | D:5      | Found a staircase to the Ecumenical Temple.
  3841 | D:5      | Noticed Menkaure
  3854 | D:5      | Killed Menkaure
  3855 | D:5      | Reached skill level 6 in Shields
  4370 | D:5      | Reached XP level 8. HP: 54/61 MP: 8/8
  4778 | D:6      | Reached skill level 5 in Fighting
  4841 | D:6      | Found Unaz's Book Shoppe.
  4847 | D:6      | Reached skill level 5 in Armour
  5503 | D:6      | Reached skill level 7 in Shields
  5814 | D:7      | Found a transporter.
  5817 | D:7      | Noticed an oklob plant
  5824 | D:7      | Found a transporter.
  5846 | D:7      | Reached XP level 9. HP: 68/68 MP: 9/9
  5866 | D:7      | Reached skill level 5 in Axes
  5875 | D:7      | Found a sand-covered staircase.
  5885 | Ossuary  | Entered an ossuary
  6817 | D:7      | Reached skill level 8 in Shields
  7144 | D:7      | Noticed burchardtist's ghost (amateur TrFi)
  7229 | D:7      | Reached skill level 5 in Maces & Flails
  7229 | D:7      | Reached skill level 5 in Polearms
  7556 | D:7      | Reached XP level 10. HP: 73/74 MP: 10/10
  8429 | D:7      | Reached skill level 9 in Shields
  9048 | D:8      | Noticed a two-headed ogre
  9097 | D:8      | Noticed Pikel
  9404 | D:7      | Killed Pikel
 10284 | D:7      | Demolished by a two-headed ogre

Illustrated notes

Levels and vault maps discovered:
D:1:      amcnicky_arrival_single_pillar, layout_basic,
          shapermc_ecumenical_altar_mp_highgroup
D:2:      layout_loops_ring
D:3:      layout_rooms, elyvilon_altar_4, chequers_temple_overflow_minitemple,
          eino_tiny_chamber, chequers_serial_rivers_small_3, dk_vineyard_2,
          kennysheep_crisscross
D:4:      layout_loops_ring, gammafunk_ghost_mausoleum, minmay_misc_feat_rows,
          uniq_blork_the_orc
D:5:      layout_basic, minmay_temple_entry_wispy, serial_shops,
          nicolae_shop_hallway_stairs, uniq_menkaure
D:6:      layout_gridville, serial_shops, shop, roderic_batcave
D:7:      layout_basic, nzn_ghost_randoct, nicolae_ossuary_entry_giza
D:8:      layout_rooms, nicolae_overflow_hidden_temple,
          mainiacjoe_overflow_24_doors, serial_bayou_lake_a, uniq_pikel

Skill      XL: |  1  2  3  4  5  6  7  8  9 10 |
---------------+-------------------------------+-----
Maces & Flails | 1 2 4 5 6 |  6.3
Polearms       | 1 2 4 5 6 |  6.2
Fighting       | 4 5 |  5.0
Armour         | 4 5 6 7 |  7.8
Axes           | 3 4 5 6 |  6.8
Shields        | 5 6 7 8 9 |  9.5

Action                   |  1- 3 |  4- 6 |  7- 9 | 10-12 || total
-------------------------+-------+-------+-------+-------++-------
Melee: War axe           |    40 |       |       |       ||    40
       Spear             |    50 |   130 |   508 |   167 ||   855
       Halberd           |       |       |       |    18 ||    18
Invok: Potion Petition   |       |       |     2 |     1 ||     3
  Use: Scroll            |       |       |     5 |     3 ||     8
       Potion            |       |       |       |     1 ||     1
 Stab: Distracted        |       |       |     4 |       ||     4
Armor: Scale mail        |    21 |       |       |       ||    21
       Chain mail        |    12 |       |       |       ||    12
       Plate armour      |     1 |    66 |   168 |    89 ||   324
Dodge: Dodged            |    37 |    32 |   155 |    65 ||   289
Block: Buckler           |    18 |    23 |   106 |    53 ||   200
